Map: Ulrena

Players

LilDicky - Winner!

  • Race: Terran Terran
  • League: Diamond

Epilist

  • Race: Terran Terran
  • League: Diamond

VOD

http://www.twitch.tv/tumescentpie

Description

Time

  • Played on: Nov. 24, 2015, 12:51 p.m.
  • Length: 8:17
Show
View Real Time Build Order
Export as new Build Order

LilDicky Terran - Winner!

Build Orders: 1/1/1, Banshee Rush 

Get SALT Encoding   

  12  0:01  SCV  
  13  0:13  SCV  
  14  0:18  Supply Depot  
  14  0:25  SCV  
  15  0:30  Refinery  
  15  0:40  SCV  
  16  0:46  Barracks  
  16  0:52  SCV  
  17  1:01  Refinery  
  17  1:04  SCV  
  18  1:16  SCV  
  19  1:28  SCV  
  20  1:33  Supply Depot, Marine  
  21  1:41  Factory  
  21  1:44  SCV  
  22  1:51  Marine  
  23  1:56  SCV  
  24  2:08  Orbital Command  
  24  2:09  Marine  
  25  2:24  Factory Tech Lab  
  25  2:25  Starport  
  25  2:28  Marine  
  26  2:38  SCV  
  26  2:43  Supply Depot  
  27  2:48  Siege Tank  
  27  2:50  Marine  
  31  3:14  Starport Tech Lab  
  31  3:18  Marine  
  32  3:21  Supply Depot  
  32  3:23  Siege Tank  
  32  3:24  SCV  
  36  3:32  Cloaking Field  
  36  3:33  Banshee  
  39  3:42  Marine  
  39  3:43  SCV  
  39  3:47  Supply Depot  
  41  3:51  Engineering Bay  
  41  3:55  SCV  
  41  4:00  Marine  
  41  4:02  Siege Tank  
  45  4:08  Supply Depot  
  45  4:16  Medivac  
  47  4:18  Marine  
  47  4:22  Missile Turret  
  48  4:29  SCV  
  48  4:30  Missile Turret  
  49  4:36  Marine  
  49  4:47  Missile Turret  
  49  5:02  SCV  
  47  5:14  SCV  
  48  5:26  SCV  
  49  5:38  Siege Tank  
  49  5:46  SCV  
  49  5:47  Viking  
  52  5:53  Command Center  
  52  5:58  SCV  
  53  6:10  Widow Mine  
  50  6:16  Banshee  
  43  6:21  SCV  
  41  6:33  SCV  
  41  6:39  Marine  
  43  6:43  Siege Tank  
  43  6:44  Barracks  
  43  6:45  SCV, Barracks x2  
  47  6:57  SCV, Marine  
  47  7:09  SCV  
  47  7:15  Siege Tank, Marine  
  51  7:17  Banshee  
  51  7:22  Orbital Command  
  55  7:33  Marine  
  56  7:43  SCV  
  57  7:45  Marine x3  
  57  7:48  SCV  
  57  7:51  Marine  
  65  7:59  Command Center  
  65  8:01  SCV x2  
Show
View Real Time Build Order
Export as new Build Order

Epilist Terran 

Build Orders: Banshee Rush 

Get SALT Encoding   

  12  0:01  SCV  
  13  0:13  SCV  
  14  0:17  Supply Depot  
  14  0:25  Refinery  
  14  0:28  SCV  
  15  0:41  SCV  
  16  0:49  Barracks  
  16  0:52  Refinery  
  16  0:57  SCV  
  17  1:09  SCV  
  18  1:22  SCV  
  19  1:36  Factory, Reaper  
  20  1:40  Orbital Command  
  20  1:54  Supply Depot  
  20  2:05  SCV  
  21  2:08  Reaper  
  22  2:18  SCV, Supply Depot  
  22  2:22  Hellion  
  25  2:30  SCV  
  26  2:42  Barracks Tech Lab  
  26  2:43  Hellion  
  28  2:48  Starport  
  30  3:21  Factory Reactor  
  30  3:25  Barracks Tech Lab  
  28  3:29  Engineering Bay  
  28  3:32  Cloaking Field  
  28  3:33  Banshee  
  31  3:42  Command Center  
  31  3:43  Marine  
  31  3:47  SCV  
  33  4:10  Siege Tank  
  33  4:12  SCV, Marine x2  
  39  4:17  Supply Depot  
  39  4:25  Supply Depot  
  39  4:39  SCV  
  39  4:40  Marine x2  
  45  4:47  Siege Tank  
  45  4:48  Viking  
  45  4:51  SCV  
  44  5:04  Orbital Command  
  32  5:39  Raven  
  32  5:40  SCV  
  34  6:04  Marine  
  28  6:20  Marine  
  28  6:21  SCV x2, Marine  
  29  6:33  SCV x2  
  31  6:45  SCV x2  
  33  6:48  Barracks  
  33  6:50  Starport Reactor  
  33  6:53  Marine x2  
  35  6:57  SCV x2  
  35  7:14  Marine x2  
  34  7:16  SCV x2  
  34  7:20  Siege Tank  
  39  7:28  SCV x2  
  41  7:30  Medivac x2  
  41  7:32  Marine x2  
  47  7:40  SCV x2  
  49  7:52  SCV  
  49  7:53  SCV, Marine x3  
  57  8:05  SCV x2  
Tags
 
Add a new tag
Caveats
  • Supply blocks, unpowered buildings, or Contaminate may cause inaccurate times.
  • Supply counts are checked every 10 seconds.